AoeStats
← DLLT Mauroski

Arena

510225362Analyzed
2v2 RM · 1d ago on Sep 30, 2026· 17m 15s· 4 players
Game mode
Random Map
Map size
Medium (4 player)
Population
200
Speed
Normal
Resources
Standard
Victory
Conquest
Starting age
Dark Age
Ending age
Imperial Age
RankedLock teamsTeams togetherTeam positionsShared explorationLock speedFull tech treeHidden civsTurbo modeCheats
Victory
Defeat
🇨🇱 Mongols · Chile
1157
+16
🇨🇴 Teutons · Colombia
1140
+16
🇦🇷 Turks · Argentina
1154
-16
🇦🇷 Bohemians · Argentina
1153
-16
Ansscar
8:57 Feudal Age
8:20 Loom
11:41 Fletching
rodrigolaramol96
10:43 Feudal Age
11:36 Double-Bit Axe
13:38 Loom
16:18 Castle Age
15:21 Stone Mining
16:01 Gold Mining
Don Denucco
0:37 Loom
10:37 Feudal Age
12:15 Loom
15:38 Castle Age
13:55 Double-Bit Axe
14:55 Horse Collar
DLLT Mauroski
10:54 Feudal Age
15:02 Castle Age
15:41 Fletching
Connection lost

Rejoining the realm…

Still unreachable

The connection could not be restored.

Session expired

The server has moved on; the page needs a fresh start.